[Event "Team 45 45 League T38"]
[Site "Internet Chess Club"]
[Date "2008.08.18"]
[Round "4"]
[White "room-matt"]
[Black "lluisdp"]
[Result "0-1"]
[WhiteElo "1790"]
[BlackElo "1923"]
[Opening "Robatsch (modern) defense"]
[ECO "B06"]
[Time "15:05:01"]
[TimeControl "2700+45"]

1. e4 g6 2. d4 Bg7 3. Nc3 d6 4. Be2 Nd7 5. h3 Ngf6 6. g4 h6 7. h4 a6 8. Be3 b5
9. Bf3 Bb7 10. g5 hxg5 11. hxg5 Rxh1 12. Bxh1 Ng8 13. Qd2 Rc8 14. O-O-O c5 15.
Nge2 cxd4 16. Bxd4 Ne5 17. b3 f6 18. f4 Nc6 19. Be3 Nb4 20. a3 Nc6 21. Bg2 b4
22. axb4 Nxb4 23. Bh3 f5 24. Kb2 Bxe4 25. Rc1 Qc7 26. Bd4 e5 27. Nxe4 exd4 28.
Qxb4 fxe4 29. Bxc8 Qxc8 30. Qxd6 d3+ 31. Nc3 Qxc3+ {White resigns} 0-1

[Event "Team 45 45 League T38"]
[Site "Internet Chess Club"]
[Date "2008.08.17"]
[Round "4"]
[White "up-pup"]
[Black "alastorx"]
[Result "0-1"]
[WhiteElo "1798"]
[BlackElo "1820"]
[Opening "Scandinavian (center counter) defense"]
[ECO "B01"]
[Time "10:00:11"]
[TimeControl "2700+45"]

1. e4 d5 2. exd5 Qxd5 3. Nc3 Qa5 4. d4 Nf6 5. Nf3 Nc6 6. Bd2 a6 7. Bc4 Qh5 8.
Ne2 Bg4 9. Ng5 e6 10. f3 Bf5 11. h4 Bd6 12. Nf4 Bxf4 13. Bxf4 O-O-O 14. g4 Nxg4
15. fxg4 Bxg4 16. Qd3 Rxd4 17. Qg3 Rxc4 18. Bxc7 Nd4 19. Bb6 Nxc2+ 20. Kd2 Rc6
21. Rac1 Bf5 22. Rhf1 Qg6 23. h5 Qf6 24. Ne4 Qh6+ 25. Ng5 f6 26. Rxf5 exf5 27.
Rxc2 Qxg5+ 28. Qxg5 fxg5 29. Rxc6+ bxc6 {White resigns} 0-1

[Event "Team 45 45 League T38"]
[Site "Internet Chess Club"]
[Date "2008.08.18"]
[Round "4"]
[White "Egmont"]
[Black "ghostfire"]
[Result "0-1"]
[WhiteElo "1718"]
[BlackElo "1824"]
[Opening "Sicilian: Alapin's variation (2.c3)"]
[ECO "B22"]
[Time "06:54:19"]
[TimeControl "2700+45"]

1. e4 c5 2. c3 Nf6 3. e5 Nd5 4. d4 cxd4 5. Qxd4 e6 6. Nf3 Nc6 7. Qe4 Be7 8. Bc4
Nb6 9. Bb3 d6 10. exd6 Bxd6 11. O-O Qc7 12. Qg4 Rg8 13. Bc2 g6 14. Bh6 Bd7 15.
Nbd2 O-O-O 16. Ne4 Bf8 17. Bxf8 Rdxf8 18. Nf6 Rh8 19. Rfd1 h5 20. Qe4 h4 21.
Nxh4 Qd8 22. Nxd7 Nxd7 23. Nf3 Qc7 24. Qg4 Nce5 25. Nxe5 Nxe5 26. Qg3 f5 27. h3
f4 28. Qh2 Qb6 29. Be4 Ng4 30. hxg4 Rxh2 31. Kxh2 Qxf2 32. Bxg6 Qg3+ 33. Kg1
Qxg4 34. Be4 f3 {White resigns} 0-1

[Event "Team 45 45 League T38"]
[Site "Internet Chess Club"]
[Date "2008.08.17"]
[Round "4"]
[White "Razorbackchess"]
[Black "NFK"]
[Result "1-0"]
[WhiteElo "1790"]
[BlackElo "1614"]
[Opening "Budapest: Rubinstein variation"]
[ECO "A52"]
[Time "13:00:52"]
[TimeControl "2700+45"]

1. d4 Nf6 2. c4 e5 3. dxe5 Ng4 4. Bf4 Bb4+ 5. Nd2 Nc6 6. Nf3 Qe7 7. e3 Ngxe5 8.
Nxe5 Nxe5 9. Be2 d6 10. O-O Bxd2 11. Qxd2 O-O 12. b4 Bg4 13. f3 Be6 14. Rac1
Rad8 15. Qb2 Ng6 16. Bg3 Rfe8 17. e4 c6 18. Rfe1 Qg5 19. Kh1 h5 20. f4 Nxf4 21.
Qd2 Nh3 22. Qxg5 Nxg5 23. Bxh5 Nh7 24. Bf3 Nf6 25. Bh4 Rd7 26. Bxf6 gxf6 27. g4
Kg7 28. a3 Rh8 29. Kg2 Rdd8 30. c5 dxc5 31. Rxc5 Rd2+ 32. Re2 Rd3 33. a4 Bb3 34.
g5 Bxa4 35. gxf6+ Kxf6 36. Rf5+ Ke7 37. Ra2 b5 38. Rc5 Rb3 39. Rxc6 Rxb4 40.
Rc7+ Kf6 41. Rxa7 Rg8+ 42. Kf2 Re8 43. Rd2 Re7 44. Rd6+ Re6 45. Rdd7 Rb2+ 46.
Kg3 Ke5 47. Rxf7 Rg6+ 48. Bg4 Kxe4 49. Rfe7+ Kd4 50. Rad7+ Kc5 51. h4 Rb4 52.
Rc7+ Kb6 53. Rb7+ Kc6 54. Rec7+ Kd6 55. Rb6+ Kxc7 56. Rxg6 Rd4 57. h5 b4 58. h6
b3 59. h7 b2 60. h8=Q b1=Q 61. Qh7+ Bd7 62. Rc6+ Kxc6 63. Bxd7+ Rxd7 64. Qxb1
Re7 65. Kf4 Kc5 66. Qc2+ Kb4 67. Qc6 Kb3 68. Qd6 Re8 69. Kf3 Kb2 70. Qd7 Rf8+
71. Ke3 Rg8 72. Qd2+ Kb1 73. Qb4+ Ka1 74. Qc3+ {Black resigns} 1-0

[Event "Team 45 45 League T38"]
[Site "Internet Chess Club"]
[Date "2008.08.18"]
[Round "4"]
[White "BrerRabbit"]
[Black "rubo"]
[Result "1-0"]
[WhiteElo "1603"]
[BlackElo "1714"]
[Opening "Benkö gambit"]
[ECO "A57"]
[Time "15:01:46"]
[TimeControl "2700+45"]

1. d4 Nf6 2. c4 c5 3. d5 b5 4. Nf3 g6 5. cxb5 a6 6. b6 e6 7. Nc3 Bg7 8. Qb3 Bb7
9. e4 exd5 10. exd5 d6 11. Bf4 Qe7+ 12. Be2 O-O 13. O-O Re8 14. Rfe1 Qf8 15.
Rad1 Nbd7 16. Nd2 Ne5 17. Nc4 Nxc4 18. Qxc4 Nd7 19. Ne4 Ne5 20. Qc2 h6 21. h3
Qe7 22. Kf1 f5 23. Nc3 g5 24. Bc1 Qf6 25. Kg1 Nd7 26. Bf3 Ne5 27. Be2 Nd7 28.
Qb3 Re5 29. Bh5 Qe7 30. Kf1 Nf6 31. Bf3 Re8 32. Bd2 Qf7 33. g3 Rxe1+ 34. Rxe1
Rxe1+ 35. Kxe1 Qe7+ 36. Kf1 Nd7 37. Na4 Bd4 38. Bc3 Qe5 39. Bd2 Nf6 40. Bc3 Ne4
41. Be1 Bxd5 42. b7 Bxb3 43. b8=Q+ Kg7 44. Qxb3 g4 45. hxg4 Ng5 46. Qd5 Nxf3 47.
Qxf3 Kf6 48. Qxf5+ Qxf5 49. gxf5 Kxf5 50. Bc3 Ke5 51. Bxd4+ Kxd4 52. f4 h5 53.
Kg2 Ke4 54. Kh3 c4 55. Kh4 d5 56. Kxh5 d4 57. g4 Kxf4 58. g5 c3 59. bxc3 d3 60.
Nb2 d2 61. g6 a5 62. g7 a4 63. g8=Q a3 64. Nd1 Ke4 65. Qh7+ Kf3 66. Qd3+ {Black
resigns} 1-0

[Event "Team 45 45 League T38"]
[Site "Internet Chess Club"]
[Date "2008.08.17"]
[Round "4"]
[White "Despair"]
[Black "Kalhalla"]
[Result "1-0"]
[WhiteElo "1899"]
[BlackElo "1746"]
[Opening "Benko's opening"]
[ECO "A00"]
[Time "08:48:25"]
[TimeControl "2700+45"]

1. g3 Nf6 2. Bg2 g6 3. c3 Bg7 4. d4 d5 5. Nf3 O-O 6. Ne5 c6 7. O-O Ng4 8. Nd3
Nd7 9. h3 Ngf6 10. Bf4 Nh5 11. Bg5 h6 12. Bf4 Nxf4 13. Nxf4 e5 14. dxe5 Nxe5 15.
Nd2 Bf5 16. e4 dxe4 17. Nxe4 Qc7 18. Qd6 Rac8 19. Nf6+ Kh8 20. Ne4 Bxe4 21. Qxc7
Rxc7 22. Bxe4 Nc4 23. Bxg6 Nxb2 24. Rfc1 Na4 25. Bf5 Nxc3 26. a4 Re8 27. Ra3
Ne2+ 28. Nxe2 Rxe2 29. Rd3 Bf6 30. Rc4 h5 31. Be4 Re7 32. Bf3 Re1+ 33. Kg2 R1e5
34. Rb4 Rc5 35. Rd8+ Kg7 36. Rb8 b6 37. Rc8 Ra5 38. Rxc6 Re6 39. Rxe6 fxe6 40.
Rc4 Be7 41. Rc7 Kf6 42. Bd1 Bd8 43. Rh7 a6 44. f4 Be7 45. Bxh5 Rxa4 46. Rf7#
{Black checkmated} 1-0

[Event "Team 45 45 League T38"]
[Site "Internet Chess Club"]
[Date "2008.08.17"]
[Round "4"]
[White "Bega"]
[Black "jazzpiano"]
[Result "1-0"]
[WhiteElo "1810"]
[BlackElo "1790"]
[Opening "French: Tarrasch, open variation"]
[ECO "C07"]
[Time "15:05:26"]
[TimeControl "2700+45"]

1. e4 e6 2. d4 d5 3. Nd2 c5 4. c3 Nc6 5. Ngf3 Qb6 6. exd5 exd5 7. dxc5 Bxc5 8.
Qe2+ Nge7 9. Nb3 Bd6 10. Be3 Qc7 11. h3 O-O 12. Qd2 Nf5 13. Be2 Nxe3 14. Qxe3
Bd7 15. O-O Rfe8 16. Qd2 Ne5 17. Nxe5 Bxe5 18. Bf3 Bf4 19. Qd3 Rad8 20. Rad1 Qb6
21. Bxd5 Be6 22. Qf3 Bxd5 23. Rxd5 Rxd5 24. Qxd5 Re2 25. Qf3 Rxf2 26. Rxf2
{Black resigns} 1-0

[Event "Team 45 45 League T38"]
[Site "Internet Chess Club"]
[Date "2008.08.17"]
[Round "4"]
[White "pelayo"]
[Black "parrot9"]
[Result "1/2-1/2"]
[WhiteElo "1707"]
[BlackElo "1759"]
[Opening "English: Caro-Kann defensive system"]
[ECO "A12"]
[Time "11:17:07"]
[TimeControl "2700+45"]

1. Nf3 d5 2. c4 c6 3. b3 Nf6 4. Bb2 Nbd7 5. d4 e6 6. g3 Be7 7. Bg2 O-O 8. O-O a6
9. c5 b6 10. b4 a5 11. a3 Qc7 12. Nbd2 axb4 13. axb4 Bb7 14. Qc2 Rfe8 15. Rxa8
Rxa8 16. Ra1 Rxa1+ 17. Bxa1 Ba6 18. e4 dxe4 19. Nxe4 Nxe4 20. Qxe4 Bc4 21. Qe3
{Game drawn by mutual agreement} 1/2-1/2

[Event "Team 45 45 League T38"]
[Site "Internet Chess Club"]
[Date "2008.08.17"]
[Round "4"]
[White "sean98"]
[Black "BigH"]
[Result "0-1"]
[WhiteElo "1676"]
[BlackElo "1769"]
[Opening "Petrov: Nimzovich attack"]
[ECO "C42"]
[Time "13:16:40"]
[TimeControl "2700+45"]

1. e4 e5 2. Nf3 Nf6 3. Nxe5 d6 4. Nf3 Nxe4 5. Nc3 Nxc3 6. dxc3 Be7 7. Bf4 Nc6 8.
Qd2 Be6 9. c4 Qd7 10. O-O-O O-O-O 11. Be2 Rhe8 12. Rhe1 h6 13. Kb1 g5 14. Bg3 f5
15. h3 f4 16. Bh2 Bf6 17. g3 fxg3 18. Bxg3 Bxh3 19. Rh1 Bg7 20. Bf1 Bxf1 21.
Rhxf1 Qf5 22. Qd3 Qxd3 23. cxd3 Nd4 24. Nxd4 Bxd4 25. Rfe1 Kd7 26. Kc2 Rxe1 27.
Rxe1 Re8 28. Rxe8 Kxe8 29. b3 h5 30. f3 h4 31. Bh2 Be5 32. Bg1 h3 33. Kd2 h2 34.
Bxh2 Bxh2 35. Ke2 Bf4 {White resigns} 0-1

[Event "Team 45 45 League T38"]
[Site "Internet Chess Club"]
[Date "2008.08.16"]
[Round "4"]
[White "ranaamasonika"]
[Black "cappelo-upgrate"]
[Result "0-1"]
[WhiteElo "2163"]
[BlackElo "2233"]
[Opening "Caro-Kann: advance variation"]
[ECO "B12"]
[Time "13:15:18"]
[TimeControl "2700+45"]

1. e4 c6 2. d4 d5 3. e5 Na6 4. Bd3 g6 5. f4 h5 6. c3 Nc7 7. Be3 Nh6 8. Nf3 Ne6
9. h3 Ng7 10. Bf2 Bf5 11. Ng5 e6 12. Bxf5 Nhxf5 13. Nd2 h4 14. Qg4 Be7 15. Ndf3
Nh6 16. Nxf7 Kxf7 17. Ng5+ Bxg5 18. Qxg5 Qxg5 19. fxg5 Nhf5 20. O-O Raf8 21. b3
Ke7 22. c4 Nh5 23. Be1 Rf7 24. Bb4+ Kd7 25. cxd5 exd5 26. Rae1 Ke6 27. Bc3 Nhg3
28. Rf3 Ne4 29. Bb2 Nxg5 30. Rf4 Ne4 31. a4 Nfg3 32. Rxf7 Kxf7 33. Re3 Rh5
{White resigns} 0-1

[Event "Team 45 45 League T38"]
[Site "Internet Chess Club"]
[Date "2008.08.15"]
[Round "4"]
[White "PandorasBox"]
[Black "tini3blas"]
[Result "1/2-1/2"]
[WhiteElo "2116"]
[BlackElo "2158"]
[Opening "King's Indian: London system"]
[ECO "A48"]
[Time "16:19:46"]
[TimeControl "2700+45"]

1. d4 Nf6 2. Nf3 g6 3. Bf4 Bg7 4. Nc3 d5 5. Qd2 Ne4 6. Nxe4 dxe4 7. Ne5 O-O 8.
Qc3 Nd7 9. Nxd7 Bxd7 10. O-O-O Be6 11. e3 c6 12. Be2 a5 13. a4 Qb6 14. h4 Rfc8
15. Qc5 Qb4 16. b3 b5 17. Qxb4 axb4 18. axb5 cxb5 19. Kb2 Ra2+ 20. Kxa2 Rxc2+
21. Kb1 Rxe2 22. Rc1 Rxf2 23. Rc2 Rxf4 24. exf4 Bxd4 25. Rc7 Bxb3 26. Rxe7 Bc4
27. Rd1 Bd3+ 28. Rxd3 {Game drawn by mutual agreement} 1/2-1/2

[Event "Team 45 45 League T38"]
[Site "Internet Chess Club"]
[Date "2008.08.19"]
[Round "4"]
[White "Zkid"]
[Black "f5"]
[Result "1-0"]
[WhiteElo "2156"]
[BlackElo "2164"]
[Opening "Sicilian: accelerated fianchetto, modern variation"]
[ECO "B34"]
[Time "01:02:15"]
[TimeControl "2700+45"]

1. e4 c5 2. Nf3 Nc6 3. d4 cxd4 4. Nxd4 g6 5. Nc3 Bg7 6. Be3 Nf6 7. Be2 O-O 8.
O-O d5 9. exd5 Nxd5 10. Nxd5 Qxd5 11. Bf3 Qc4 12. Nxc6 bxc6 13. c3 Ba6 14. Qc2
e5 15. Rfd1 f5 16. Rd2 Qe6 17. Qa4 Bb5 18. Qxb5 cxb5 19. Bd5 Rfe8 20. Rad1 a6
21. Bxe6+ Rxe6 22. Rd7 Bf8 23. Rb7 Rd6 24. Rxd6 Bxd6 25. Bh6 Bf8 26. Bxf8 Rxf8
27. Kf1 Rf7 28. Rb6 Ra7 29. Ke2 Kf7 30. Kd3 Ke7 31. b3 Rd7+ 32. Kc2 Rd6 33. Rb7+
Rd7 34. Rb8 Rd8 35. Rxd8 Kxd8 36. c4 bxc4 37. b4 Kc7 38. Kc3 Kb6 39. Kxc4 Kc6
40. a4 {Black resigns} 1-0

[Event "Team 45 45 League T38"]
[Site "Internet Chess Club"]
[Date "2008.08.16"]
[Round "4"]
[White "palito"]
[Black "cocio"]
[Result "1/2-1/2"]
[WhiteElo "2120"]
[BlackElo "2150"]
[Opening "English opening"]
[ECO "A13"]
[Time "04:13:12"]
[TimeControl "2700+45"]

1. c4 e6 2. g3 d5 3. Bg2 c6 4. Nf3 Bd6 5. O-O Nd7 6. b3 Qe7 7. d3 Ngf6 8. Qc2
O-O 9. Bb2 Re8 10. Nbd2 e5 11. e4 dxe4 12. dxe4 Nf8 13. c5 Bc7 14. b4 Ng6 15.
Rfd1 a5 16. a3 Be6 17. Ng5 Red8 18. Nxe6 Qxe6 19. Nc4 h6 20. bxa5 Qe7 21. Nb6
Rxa5 22. Rxd8+ Bxd8 23. Na4 Nd7 24. Bc3 Ra8 25. Bb4 Ngf8 26. Bh3 Ne6 27. Bxe6
Qxe6 28. Rd1 Be7 29. Nb2 Nf8 30. Nc4 f6 31. Nd6 Bxd6 32. Rxd6 Qf7 33. Qd2 Re8
34. Ba5 Ne6 35. Qb4 Nd4 36. Qb6 Qh5 37. Qxb7 Qd1+ 38. Kg2 Qf3+ 39. Kg1 Qd1+ 40.
Kg2 Qf3+ 41. Kg1 Qd1+ 42. Kg2 {Game drawn by repetition} 1/2-1/2

[Event "Team 45 45 League T38"]
[Site "Internet Chess Club"]
[Date "2008.08.19"]
[Round "4"]
[White "syy89"]
[Black "chiiwen"]
[Result "1-0"]
[WhiteElo "2123"]
[BlackElo "2096"]
[Opening "Ruy Lopez: exchange, Keres variation"]
[ECO "C68"]
[Time "18:00:20"]
[TimeControl "2700+45"]

1. e4 e5 2. Nf3 Nc6 3. Bb5 a6 4. Bxc6 dxc6 5. Nc3 Bd6 6. d4 exd4 7. Qxd4 f6 8.
Be3 Bg4 9. O-O-O Bxf3 10. gxf3 Qe7 11. f4 Nh6 12. Rhg1 c5 13. Qd5 O-O-O 14. Qb3
Rd7 15. f3 Qe8 16. Na4 Qh5 17. Qe6 Re8 18. Rd5 f5 19. Rg5 Rxe6 20. Rxh5 fxe4 21.
f5 Rf6 22. fxe4 Ng4 23. Bg5 h6 24. h3 hxg5 25. hxg4 Bf4+ 26. Kd1 Rxd5+ 27. exd5
b6 28. c4 Rd6 29. Nc3 g6 30. Rh8+ Kd7 31. Ne4 gxf5 32. gxf5 Ke7 33. Rh7+ Ke8 34.
Nxd6+ Bxd6 35. Rg7 Bf4 36. Ke2 Kf8 37. Rg6 Kf7 38. Kf3 Be5 39. b3 Bf6 40. Kg4 b5
41. Rxg5 bxc4 42. bxc4 a5 43. a4 Bc3 44. Rg6 {Black resigns} 1-0

[Event "Team 45 45 League T38"]
[Site "Internet Chess Club"]
[Date "2008.08.22"]
[Round "4"]
[White "Merciful"]
[Black "elnik"]
[Result "1-0"]
[WhiteElo "2063"]
[BlackElo "1979"]
[Opening "Sicilian: Nimzovich-Rossolimo attack (without ...d6)"]
[ECO "B30"]
[Time "22:58:42"]
[TimeControl "2700+45"]

1. e4 c5 2. Nf3 Nc6 3. Bb5 e6 4. O-O Nge7 5. Re1 a6 6. Bxc6 Nxc6 7. d4 cxd4 8.
Nxd4 Be7 9. Nxc6 bxc6 10. Qg4 Kf8 11. e5 d5 12. exd6 Qxd6 13. Nc3 Bb7 14. Ne4
Qc7 15. Ng5 Bxg5 16. Bxg5 c5 17. Rad1 Re8 18. Bf4 Qc8 19. Bd6+ Kg8 20. Be5
{Black resigns} 1-0

[Event "Team 45 45 League T38"]
[Site "Internet Chess Club"]
[Date "2008.08.15"]
[Round "4"]
[White "Sleete"]
[Black "killer21"]
[Result "1-0"]
[WhiteElo "2149"]
[BlackElo "2246"]
[Opening "Sicilian: closed"]
[ECO "B24"]
[Time "14:10:18"]
[TimeControl "2700+45"]

1. e4 c5 2. Nc3 Nc6 3. g3 g6 4. Bg2 Bg7 5. Nge2 e5 6. d3 Nge7 7. Bg5 h6 8. Be3
d6 9. O-O O-O 10. Qd2 Kh7 11. f4 Nd4 12. Kh1 f5 13. Ng1 Rb8 14. fxe5 dxe5 15.
Nd5 Nxd5 16. exd5 b6 17. c3 Nb5 18. a4 Nd6 19. Rfd1 g5 20. Bf2 f4 21. Re1 g4 22.
Be4+ Bf5 23. Bxf5+ Rxf5 24. gxf4 exf4 25. b4 cxb4 26. Ne2 bxc3 27. Nxc3 Nf7 28.
d4 Ng5 29. Qd3 Qf8 30. Re7 Nh3 31. Bh4 Kh8 32. d6 f3 33. Qe4 f2 34. Rf1 Rf4 35.
Qg6 g3 36. Bxg3 Rf5 37. Rxg7 Qxg7 38. Qxf5 {Black forfeits on time} 1-0

[Event "Team 45 45 League T38"]
[Site "Internet Chess Club"]
[Date "2008.08.16"]
[Round "4"]
[White "gezira"]
[Black "Elddir"]
[Result "1-0"]
[WhiteElo "2257"]
[BlackElo "2082"]
[Opening "Ruy Lopez: closed, Chigorin, 12...c5d4"]
[ECO "C99"]
[Time "16:09:53"]
[TimeControl "2700+45"]

1. e4 e5 2. Nf3 Nc6 3. Bb5 a6 4. Ba4 Nf6 5. O-O Be7 6. Re1 b5 7. Bb3 O-O 8. c3
d6 9. h3 Na5 10. Bc2 c5 11. d4 Qc7 12. Nbd2 cxd4 13. cxd4 Nc6 14. Nb3 a5 15. Be3
a4 16. Nbd2 Bd7 17. Rc1 Qb7 18. Qe2 Rfe8 19. Red1 a3 20. bxa3 exd4 21. Nxd4 Nxd4
22. Bxd4 d5 23. e5 Bxa3 24. Qf3 Ne4 25. Nxe4 dxe4 26. Bxe4 Qa6 27. Rc7 Rad8 28.
Ra7 Qc8 29. Rxa3 b4 30. Ra7 Be6 31. Bc6 Rf8 32. Rb7 Bxa2 33. Rxb4 Qe6 34. Bc5
Rxd1+ 35. Qxd1 Rc8 36. Bd7 Rd8 37. Qd6 Qxd6 38. exd6 f6 39. Bc6 {Black resigns}
1-0

[Event "Team 45 45 League T38"]
[Site "Internet Chess Club"]
[Date "2008.08.16"]
[Round "4"]
[White "FiendAngelical"]
[Black "alin"]
[Result "0-1"]
[WhiteElo "1995"]
[BlackElo "2052"]
[Opening "Ruy Lopez: Vinogradov variation"]
[ECO "C60"]
[Time "14:54:37"]
[TimeControl "2700+45"]

1. e4 e5 2. Nf3 Nc6 3. Bb5 Qe7 4. O-O Nd8 5. d4 c6 6. Bc4 d6 7. h3 g6 8. dxe5
dxe5 9. Nc3 f6 10. a4 Bh6 11. Bxh6 Nxh6 12. Qd2 Nhf7 13. Rfd1 a5 14. Qe3 Kf8 15.
Qb6 Kg7 16. Qe3 Ne6 17. h4 Qc5 18. Qxc5 Nxc5 19. g3 Bg4 20. Kg2 Rhd8 21. b3 Nd6
22. Bd3 Rd7 23. Rd2 Ndxe4 24. Nxe4 Nxe4 25. Bxe4 Bxf3+ 26. Kxf3 Rxd2 27. Bd3 Rd8
28. Ke3 R8xd3+ 29. cxd3 Rb2 30. Rc1 Rxb3 31. Rc5 Kf7 32. Rxa5 Ke6 33. Ra8 h5 34.
a5 Kf5 35. f3 c5 36. Rc8 Rb5 37. Ra8 g5 38. hxg5 fxg5 39. a6 bxa6 40. Rxa6 Rb2
41. Rc6 Rg2 42. g4+ hxg4 43. fxg4+ Rxg4 44. Rxc5 Rg3+ 45. Ke2 Ke6 46. Rc8 g4 47.
Rd8 Rf3 48. Rg8 Rf4 49. Ke3 Kf7 50. Rg5 Kf6 51. Rg8 Ra4 52. Ke2 Kf5 53. Rf8+ Kg5
54. Rg8+ Kf4 55. Rf8+ Kg3 56. Rf5 e4 57. Rg5 Ra2+ 58. Ke3 exd3 59. Kxd3 Kf3 60.
Rf5+ Kg2 61. Ke3 g3 62. Rg5 Kh2 63. Kf3 g2 64. Rh5+ Kg1 65. Rb5 Ra3+ 66. Ke2 Kh2
67. Rh5+ Rh3 {White resigns} 0-1

[Event "Team 45 45 League T38"]
[Site "Internet Chess Club"]
[Date "2008.08.15"]
[Round "4"]
[White "Kolibri"]
[Black "Guinness"]
[Result "0-1"]
[WhiteElo "2116"]
[BlackElo "2258"]
[Opening "QP counter-gambit (elephant gambit)"]
[ECO "C40"]
[Time "07:08:23"]
[TimeControl "2700+45"]

1. e4 e5 2. Nf3 d5 3. Nxe5 Bd6 4. d4 dxe4 5. Nc4 Nf6 6. Be2 O-O 7. O-O Be7 8. f3
Nc6 9. c3 exf3 10. Bxf3 Be6 11. Ne3 Nd5 12. Nxd5 Bxd5 13. Bf4 Bf6 14. Nd2 Ne7
15. Ne4 Bh4 16. Nc5 b6 17. Nd3 Bf6 18. Be5 Bxe5 19. Nxe5 c6 20. Qd3 f6 21. Ng4
Re8 22. Bxd5+ Nxd5 23. Rae1 Qd7 24. Ne3 Rxe3 25. Rxe3 Nxe3 26. Qxe3 Re8 27. Qd3
Qe6 28. Rd1 Qxa2 29. Qc2 Qc4 30. b3 Qe6 31. c4 Qe3+ 32. Kf1 Re4 {White resigns}
0-1

[Event "Team 45 45 League T38"]
[Site "Internet Chess Club"]
[Date "2008.08.16"]
[Round "4"]
[White "kingcapture"]
[Black "fledermaus"]
[Result "1-0"]
[WhiteElo "2273"]
[BlackElo "2001"]
[Opening "Sicilian defense"]
[ECO "B40"]
[Time "16:02:25"]
[TimeControl "2700+45"]

1. e4 c5 2. Nf3 e6 3. d3 Nc6 4. g3 Nge7 5. Bg2 g6 6. O-O Bg7 7. Re1 d6 8. c3 O-O
9. Na3 Rb8 10. d4 cxd4 11. cxd4 d5 12. e5 b5 13. Nc2 f6 14. exf6 Bxf6 15. Bf4
Nf5 16. Bxb8 Nxb8 17. a4 Qb6 18. axb5 Qxb5 19. Rxa7 Qxb2 20. Qb1 Qxb1 21. Rxb1
Nc6 22. Ra8 Bd7 23. Rxf8+ Kxf8 24. Rd1 Ke7 25. g4 Nd6 26. g5 Bg7 27. h4 Na5 28.
Nb4 Nb3 29. Rd3 Nc1 30. Re3 Nf5 31. Re1 Nb3 32. Nxd5+ Kd6 33. Nf6 {Black
resigns} 1-0

[Event "Team 45 45 League T38"]
[Site "Internet Chess Club"]
[Date "2008.08.17"]
[Round "4"]
[White "jonesey"]
[Black "Holzschlange"]
[Result "1/2-1/2"]
[WhiteElo "1953"]
[BlackElo "1923"]
[Opening "Giuoco Piano: Möller (Therkatz) attack"]
[ECO "C54"]
[Time "11:31:23"]
[TimeControl "2700+45"]

1. e4 e5 2. Nf3 Nc6 3. Bc4 Bc5 4. c3 Nf6 5. d4 exd4 6. cxd4 Bb4+ 7. Nc3 Nxe4 8.
O-O Bxc3 9. d5 Bf6 10. Re1 Ne7 11. Rxe4 d6 12. Bg5 Bxg5 13. Nxg5 h6 14. Qe2 hxg5
15. Re1 Be6 16. dxe6 f6 17. Re3 c6 18. Rh3 Rxh3 19. gxh3 g6 {Game drawn by
mutual agreement} 1/2-1/2

[Event "Team 45 45 League T38"]
[Site "Internet Chess Club"]
[Date "2008.08.15"]
[Round "4"]
[White "SiNsUaT12"]
[Black "iwulu"]
[Result "1/2-1/2"]
[WhiteElo "2327"]
[BlackElo "2405"]
[Opening "Scandinavian (center counter) defense"]
[ECO "B01"]
[Time "23:00:54"]
[TimeControl "2700+45"]

1. e4 d5 2. exd5 Qxd5 3. Nc3 Qa5 4. Nf3 Nf6 5. Be2 c6 6. O-O g6 7. d4 Bg7 8. h3
O-O 9. Re1 Nbd7 10. Bf4 Rd8 11. Bc4 e6 12. a4 Qb4 13. Bc7 Re8 14. Bb3 Nb6 15.
Be5 Nbd5 16. Qd3 Bd7 17. a5 b5 18. Ng5 Nxc3 19. bxc3 Qf8 20. a6 Nd5 21. Ne4 Red8
22. Bxd5 exd5 23. Nf6+ Bxf6 24. Bxf6 Re8 25. Re5 Qd6 26. Qf3 Re6 27. Rxe6 Qxe6
28. g4 Re8 29. Kg2 h6 30. Kg3 Qe4 31. Qxe4 Rxe4 32. Be5 Bc8 33. Bd6 Re2 34. Ra2
Re6 35. Bc5 Kg7 36. Bxa7 c5 37. dxc5 Rxa6 38. Rxa6 Bxa6 39. c6 Kf6 40. Kf4 Ke6
41. Bb8 f6 42. Ke3 f5 43. gxf5+ Kxf5 44. Kd4 g5 45. Kxd5 Bc8 46. Bg3 h5 47. h4
gxh4 48. Bxh4 Kg4 49. Be7 h4 50. Kc5 h3 51. Bd6 Kf3 52. Bg3 Kg2 53. Kxb5 h2 54.
Bxh2 Kxh2 55. Kb6 Kg2 56. Kc7 Bf5 57. Kd8 Kxf2 58. c7 Ke3 59. Ke7 Ke4 60. Kd6
Bc8 61. Kc5 Ke5 62. c4 Bd7 63. c3 Ke6 64. Kb6 Kd6 65. c5+ Kd5 66. c6 Bc8 67. Kb5
Kd6 68. Kb6 Kd5 69. Kb5 Kd6 70. Kb6 Kd5 71. c4+ Kxc4 72. Ka7 Kc5 73. Kb8 Bh3 74.
c8=Q Bxc8 75. c7 Bh3 76. c8=Q+ Bxc8 {Game drawn because neither player has
mating material} 1/2-1/2

[Event "Team 45 45 League T38"]
[Site "Internet Chess Club"]
[Date "2008.08.16"]
[Round "4"]
[White "onslaught"]
[Black "Fezzik"]
[Result "1-0"]
[WhiteElo "2183"]
[BlackElo "1971"]
[Opening "QGD Slav: Dutch variation, main line"]
[ECO "D19"]
[Time "22:02:48"]
[TimeControl "2700+45"]

1. d4 d5 2. c4 c6 3. Nc3 Nf6 4. Nf3 dxc4 5. a4 Bf5 6. e3 e6 7. Bxc4 Bb4 8. O-O
O-O 9. Qe2 Nbd7 10. e4 Bg6 11. Bd3 Bh5 12. e5 Nd5 13. Nxd5 cxd5 14. Qe3 Be7 15.
Ne1 Nb8 16. Bd2 Nc6 17. f4 Bg6 18. g4 f6 19. Bxg6 hxg6 20. exf6 Bxf6 21. Bc3 Qe8
22. Nd3 b6 23. g5 Bd8 24. Rae1 Kf7 25. b4 Bc7 26. b5 Nd8 27. Bb4 Rh8 28. Rc1 Qd7
29. Ne5+ Bxe5 30. fxe5+ Kg8 31. Rf8+ {Black resigns} 1-0

[Event "Team 45 45 League T38"]
[Site "Internet Chess Club"]
[Date "2008.08.14"]
[Round "4"]
[White "Uwak"]
[Black "JCMDonet"]
[Result "1-0"]
[WhiteElo "2324"]
[BlackElo "1926"]
[Opening "Scandinavian defense"]
[ECO "B01"]
[Time "22:12:46"]
[TimeControl "2700+45"]

1. e4 d5 2. exd5 Qxd5 3. Nc3 Qa5 4. d4 Bf5 5. Nf3 Nf6 6. Ne5 e6 7. Nc4 Qb4 8.
Bd2 Qe7 9. Qf3 c6 10. Bf4 Qd7 11. Ne3 Bg6 12. Be5 Be7 13. O-O-O O-O 14. h4 h6
15. h5 Bh7 16. Qg3 Kh8 17. Bd3 Bxd3 18. Rxd3 Na6 19. a3 b5 20. Ne4 Ne8 21. Kb1
b4 22. Ng4 f6 23. Nxh6 bxa3 24. Qg6 a2+ 25. Ka1 Nb4 26. Nf7+ Rxf7 27. h6 Nxc2+
28. Kxa2 Kg8 29. h7+ Kh8 30. Qxf7 Qd5+ 31. Kb1 Nd6 32. Nxd6 Bxd6 33. Rg3 Na3+
34. bxa3 Rb8+ 35. Ka1 {Black resigns} 1-0

[Event "Team 45 45 League T38"]
[Site "Internet Chess Club"]
[Date "2008.08.20"]
[Round "4"]
[White "specialxtr"]
[Black "manest"]
[Result "1-0"]
[WhiteElo "2384"]
[BlackElo "2383"]
[Opening "Sicilian: accelerated fianchetto, Maróczy bind, 6.Be3"]
[ECO "B38"]
[Time "21:00:25"]
[TimeControl "2700+45"]

1. c4 c5 2. Nf3 g6 3. d4 cxd4 4. Nxd4 Bg7 5. e4 Nc6 6. Be3 Nf6 7. Nc3 O-O 8. Be2
d6 9. O-O Nxd4 10. Bxd4 Bd7 11. Qd3 Bc6 12. b4 a5 13. a3 Be8 14. f4 Nd7 15. Bxg7
Kxg7 16. Kh1 f6 17. Rfd1 Bf7 18. Nd5 Nb6 19. Qe3 Nd7 20. Rac1 h6 21. c5 axb4 22.
axb4 Bxd5 23. Rxd5 g5 24. cxd6 e6 25. Rdd1 gxf4 26. Qxf4 Ne5 27. Bh5 Rc8 28.
Rxc8 Qxc8 29. Rc1 Qd8 30. Rc7+ Nd7 31. Qg4+ Kh8 32. Qxe6 Qa8 33. h4 Ne5 34. Qf5
Qa1+ 35. Kh2 Ng4+ 36. Qxg4 Qe5+ 37. Qg3 {Black resigns} 1-0

[Event "Team 45 45 League T38"]
[Site "Internet Chess Club"]
[Date "2008.08.17"]
[Round "4"]
[White "Alphalegacy"]
[Black "fllinc"]
[Result "0-1"]
[WhiteElo "2017"]
[BlackElo "2040"]
[Opening "Sicilian: dragon, Yugoslav attack, 9...Bd7"]
[ECO "B77"]
[Time "20:00:42"]
[TimeControl "2700+45"]

1. e4 c5 2. Nf3 d6 3. d4 cxd4 4. Nxd4 Nf6 5. Nc3 g6 6. Be3 Bg7 7. Bc4 Nc6 8. f3
O-O 9. Qd2 Bd7 10. Bb3 Rc8 11. O-O-O a6 12. h4 Na5 13. h5 Nxh5 14. g4 Nxb3+ 15.
axb3 Nf6 16. Bh6 Qa5 17. Kb1 Bxh6 18. Qxh6 Rxc3 19. bxc3 Qxc3 20. g5 Nh5 21.
Rxh5 gxh5 22. Qxh5 Rc8 23. Rd3 Qe1+ 24. Kb2 e5 25. Nf5 Bxf5 26. exf5 Qf2 27. g6
Rxc2+ 28. Ka3 Ra2+ 29. Kb4 Qc5# {White checkmated} 0-1